 Dungeon Crawl Stone Soup version 0.23.0-33-g5e6c059 (webtiles) character file.

Game seed: 4348467803580153703

3633 Kairos the Chopper (level 10, -7/51 HPs)
             Began as a Vine Stalker Fighter on Feb 26, 2019.
             Was an Elder of Okawaru.
             Mangled by a wyvern (11 damage)
             ... on level 8 of the Dungeon.
             The game lasted 00:08:54 (6422 turns).

Kairos the Chopper (Vine Stalker Fighter)           Turns: 6422, Time: 00:08:54

Health: -7/51      AC:  8    Str: 21    XL:     10   Next: 11%
Magic:  0/11       EV:  7    Int:  8    God:    Okawaru [****..]
Gold:   390        SH: 11    Dex: 15    Spells: 9/9 levels left

rFire    . . .     SeeInvis .   w - +3 hand axe (vamp)
rCold    . . .     Gourm    .   c - +0 shield
rNeg     . . .     Faith    .   l - +0 chain mail
rPois    .         Spirit   +   (no helmet)
rElec    .         Reflect  .   z - +0 cloak
rCorr    .         Harm     .   (no gloves)
MR       +....                  y - +0 pair of boots
Stlth    ++........             (no amulet)
HPRegen  0.57/turn              C - ring of stealth
MPRegen  0.12/turn              u - ring of stealth

@: about to teleport, corroded
A: fangs 3, regeneration 1, magic shield, antimagic bite, no potion heal 3, rot
immunity
a: Heroism, Renounce Religion


You were on level 8 of the Dungeon.
You worshipped Okawaru.
Okawaru was greatly pleased with you.
You were hungry.

You visited 1 branch of the dungeon, and saw 9 of its levels.

You collected 390 gold pieces.

Inventory:

Hand Weapons
 a - a +1 war axe
 k - a +0 morningstar
 w - a +3 vampiric hand axe (weapon)
 I - a +0 whip of freezing
Missiles
 E - 6 tomahawks of returning (quivered)
Armour
 c - a +0 shield (worn)
 l - a +0 chain mail (worn)
 y - a +0 pair of boots (worn)
 z - a +0 cloak (worn)
Jewellery
 m - a +3 ring of intelligence
 u - a ring of stealth (right hand)
 C - a ring of stealth (left hand)
Wands
 b - a wand of acid (9)
 p - a wand of paralysis (9)
 s - a wand of flame (9)
 G - a wand of digging (9)
 H - a wand of polymorph (3)
 K - a wand of disintegration (15)
Scrolls
 e - a scroll of teleportation
 h - 4 scrolls of random uselessness
 n - a scroll of magic mapping
 q - 4 scrolls of remove curse
 t - 5 scrolls of identify
 x - 2 scrolls of enchant armour {unknown}
 B - 3 scrolls of immolation {unknown}
Potions
 d - 2 potions of might
 g - 4 potions of curing
 i - 2 potions of lignification {unknown}
 j - 3 potions of agility {unknown}
 o - 2 potions of magic {unknown}
 r - 2 potions of haste {unknown}
 v - a potion of brilliance {unknown}
 A - 3 potions of heal wounds {unknown}
 D - a potion of cancellation {unknown}
 F - a potion of mutation {unknown}
 J - a potion of berserk rage {unknown}
Comestibles
 f - 15 rations


   Skills:
 + Level 5.3 Fighting
 + Level 7.6 Axes
 + Level 5.7 Armour
 + Level 2.2 Dodging
 + Level 4.8 Stealth
 + Level 6.7 Shields
 + Level 0.7 Unarmed Combat
 + Level 0.1 Evocations


You had 9 spell levels left.
You didn't know any spells.
Your spell library contained the following spells:

 Spells                   Type           Power        Failure   Level  Hunger
 Animate Skeleton         Necr           N/A          100%        1    ##.....
 Confusing Touch          Hex            #.....       100%        1    ##.....
 Pain                     Necr           #...         100%        1    ##.....
 Confuse                  Hex            #.......     100%        3    ####...
 Gell's Gravitas          Tloc           #.........   100%        3    ####...
 Regeneration             Chrm/Necr      #.........   100%        3    ####...
 Vampiric Draining        Necr           #.........   100%        3    ####...
 Animate Dead             Necr           N/A          100%        4    #####..
 Petrify                  Tmut/Erth      #.......     100%        4    #####..
 Metabolic Englaciation   Hex/Ice        #.........   100%        5    ######.
 Yara's Violent Unravell  Hex/Tmut       #.........   100%        5    ######.


Dungeon Overview and Level Annotations

Branches:
Dungeon (9/15)             Temple (0/1) D:7
   Lair: D:8-11         Orc: D:9-12

Altars:
Ashenzari
Fedhas
Gozag
Hepliaklqana
Nemelex Xobeh
Okawaru
Qazlal
Ru
Sif Muna
Trog
Uskayaw
Wu Jian
Xom
Yredelemnul
Zin
The Shining One


Innate Abilities, Weirdness & Mutations

You have razor-sharp teeth.
Your natural rate of healing is unusually fast.
When hurt, damage is shared between your health and your magic reserves.
Your bite disrupts and absorbs the magic of your enemies.
Potions cannot restore your health.
You are immune to rotting.


Message History

The splash of acid hits you. The acid corrodes you!
You are splashed with acid!
* * * LOW HITPOINT WARNING * * *
You hear an angry hiss.
You barely miss the acid dragon. You bite the acid dragon. You drain its power.
You feel invigorated.
The acid dragon is moderately wounded.
You completely miss the wyvern. You block the wyvern's attack.
The acid dragon barely misses you.
The acid dragon claws you but does no damage.
Unknown command.
You slash the acid dragon!
You feel better.
Your bite misses the acid dragon.
The acid dragon is severely wounded.
Your shield and chain mail prevent you from hitting the wyvern.
The wyvern bites you!
* * * LOW HITPOINT WARNING * * *
You block the wyvern's attack. You block the acid dragon's attack.
The acid dragon claws you but does no damage.
As you read the scroll of teleportation, it crumbles to dust.
You feel strangely unstable. The wyvern bites you!
You die...

####### .# ..## # #
#...####. #
..%.....###### ######
.........#.#.##
#.##.. #.!........#.#
####.†##
###.Dl..†...###....##
#.#@###.........## #
#..######.#####
###### ### ..#.#
#.#.# #.#.# #####
#.#.# ....#
#.#.######## ###.#
#...........


You could see a wyvern and an acid dragon.

Vanquished Creatures
  Pikel (D:6)
  A komodo dragon (D:8)
  A hippogriff (D:7)
  A wyvern (D:8)
  2 basilisks (D:8)
  A hungry ghost (D:8)
  A sky beast (D:5)
  An orc warrior (D:7)
  A phantom (D:5)
  2 ice beasts
  A black bear (D:7)
  An ogre (D:7)
  2 centaurs
  A bullfrog (D:8)
  A scorpion (D:4)
  A howler monkey (D:4)
  7 crimson imps
  A quasit (D:8)
  A bullfrog zombie (D:6)
  A centaur zombie (D:5)
  2 orc priests
  2 hounds (D:5)
  A jelly (D:8)
  4 bullfrog skeletons
  6 orc wizards
  A centaur skeleton (D:8)
  Jessica (D:2)
  Terence (D:2)
  2 iguanas
  Natasha (D:2)
  2 worker ants
  A howler monkey zombie (D:8)
  A worker ant zombie (D:5)
  A howler monkey skeleton (D:5)
  9 gnolls
  6 adders
  2 shadow imps
  An ooze (D:2)
  4 worms
  2 dart slugs
  2 leopard geckos
  18 orcs
  6 bats
  14 giant cockroaches
  2 gnoll zombies (D:7)
  8 goblins
  7 hobgoblins
  11 jackals
  7 kobolds
  4 quokkas
  A ball python (D:3)
  6 frilled lizards
  A quokka skeleton (D:6)
  4 rats
170 creatures vanquished.

Vanquished Creatures (others)
  A hound (D:6)
  4 jackals (D:6)
5 creatures vanquished.

Grand Total: 175 creatures vanquished

Notes
Turn   | Place    | Note
-------+----------+-------------------------------------------
     0 | D:1      | Kairos the Vine Stalker Fighter began the quest for the
                  | Orb.
     0 | D:1      | Reached XP level 1. HP: 11/11 MP: 2/2
   404 | D:1      | Reached XP level 2. HP: 16/16 MP: 3/3
   620 | D:1      | Reached skill level 2 in Axes
  1001 | D:2      | Reached XP level 3. HP: 18/19 MP: 4/4
  1013 | D:2      | Noticed Terence
  1030 | D:2      | Killed Terence
  1331 | D:2      | Gained mutation: Your natural rate of healing is unusually
                  | fast. [Vine Stalker growth]
  1331 | D:2      | Reached XP level 4. HP: 22/24 MP: 5/5
  1455 | D:2      | Noticed Jessica
  1466 | D:2      | Killed Jessica
  1466 | D:2      | Reached skill level 3 in Axes
  1522 | D:2      | Noticed Natasha
  1534 | D:2      | Killed Natasha
  1534 | D:2      | Reached XP level 5. HP: 26/28 MP: 6/6
  1846 | D:3      | Found a stormy altar of Qazlal.
  2035 | D:3      | Found an iron altar of Okawaru.
  2047 | D:3      | Found a blossoming altar of Fedhas.
  2071 | D:3      | Became a worshipper of Warmaster Okawaru
  2088 | D:3      | Noticed a centaur
  2105 | D:3      | Killed a centaur
  2105 | D:3      | Reached skill level 4 in Axes
  2105 | D:3      | Reached XP level 6. HP: 32/32 MP: 7/7
  2372 | D:3      | Found a sacrificial altar of Ru.
  2377 | D:3      | Found a deep blue altar of Sif Muna.
  2381 | D:3      | Found a shattered altar of Ashenzari.
  2620 | D:4      | Found an ornate altar of the Wu Jian Council.
  2634 | D:4      | Reached * piety under Okawaru
  2655 | D:4      | Reached skill level 1 in Dodging
  2655 | D:4      | Reached XP level 7. HP: 31/36 MP: 4/8
  2673 | D:4      | Found a sparkling altar of Nemelex Xobeh.
  3071 | D:4      | Found a hazy altar of Hepliaklqana.
  3094 | D:4      | Found a shimmering altar of Xom.
  3131 | D:4      | Found a bloodstained altar of Trog.
  3456 | D:5      | Entered Level 5 of the Dungeon
  3506 | D:5      | Reached ** piety under Okawaru
  3506 | D:5      | Reached skill level 5 in Axes
  3777 | D:5      | Gained mutation: You have razor-sharp teeth. [Vine Stalker
                  | growth]
  3777 | D:5      | Reached XP level 8. HP: 42/42 MP: 7/9
  4292 | D:6      | Reached skill level 5 in Shields
  4375 | D:6      | Found a hide-covered altar of Uskayaw.
  4576 | D:6      | Found a glowing golden altar of the Shining One.
  4627 | D:6      | You fall through a shaft for 3 floors!
  4714 | D:8      | Reached *** piety under Okawaru
  4779 | D:8      | Noticed a komodo dragon
  4796 | D:8      | Killed a komodo dragon
  4796 | D:8      | Reached skill level 6 in Axes
  4956 | D:8      | Reached XP level 9. HP: 46/46 MP: 10/10
  5079 | D:8      | Paralysed by fainting for 8 turns
  5148 | D:7      | Reached skill level 5 in Armour
  5191 | D:7      | Found an iron altar of Okawaru.
  5199 | D:7      | Reached **** piety under Okawaru
  5393 | D:6      | Noticed Pikel
  5407 | D:6      | Killed Pikel
  5407 | D:6      | Reached skill level 5 in Fighting
  5407 | D:6      | Reached skill level 7 in Axes
  5523 | D:6      | Found an opulent altar of Gozag.
  5851 | D:7      | Found a staircase to the Ecumenical Temple.
  5940 | D:7      | Received a gift from Okawaru
  5962 | D:7      | Noticed an angel
  5963 | D:7      | Found a glowing silver altar of Zin.
  6228 | D:7      | Found a basalt altar of Yredelemnul.
  6344 | D:8      | Reached XP level 10. HP: 48/51 MP: 9/11
  6422 | D:8      | Mangled by a wyvern

Skill      XL: |  1  2  3  4  5  6  7  8  9 |
---------------+----------------------------+-----
Shields        | 3 4 5 6 |  6.7
Axes           | 2 3 4 5 6 7 |  7.6
Fighting       | 3 4 5 |  5.3
Armour         | 3 4 5 |  5.7
Dodging        | 1 2 |  2.2
Stealth        | 3 4 |  4.8
Unarmed Combat | |  0.7
Evocations     | |  0.1

Action                   |  1- 3 |  4- 6 |  7- 9 | 10-12 || total
-------------------------+-------+-------+-------+-------++-------
Melee: War axe           |    68 |    92 |       |       ||   160
       Bite              |    21 |    51 |   139 |     6 ||   217
       Hand axe          |       |   110 |   405 |    15 ||   530
       Unarmed           |       |       |    13 |       ||    13
Evoke: Wand              |       |       |     1 |       ||     1
  Use: Scroll            |     4 |     4 |     2 |     1 ||    11
 Stab: Paralysed         |       |       |     7 |       ||     7
       Confused          |       |       |     2 |       ||     2
       Sleeping          |       |       |     1 |       ||     1
  Eat: Chunk             |       |     3 |    12 |       ||    15
       Ration            |       |     2 |     1 |       ||     3
Armor: Scale mail        |    25 |       |       |       ||    25
       Chain mail        |     1 |   108 |   199 |     6 ||   314
       Skin              |       |       |     2 |       ||     2
Dodge: Dodged            |    21 |    42 |   107 |     3 ||   173
Block: Shield            |    35 |   104 |   204 |    11 ||   354
